 Dungeon Crawl Stone Soup version 0.31-a0-236-g9a0961fb85 (webtiles) character file.

Game seed: 3172104376587929511

130 holysushi the Chiller (level 5, 0/34 HPs)
             Began as an Octopode Ice Elementalist on July 10, 2023.
             Slain by a black bear (1 damage)
             ... on level 4 of the Dungeon.
             The game lasted 00:05:29 (2199 turns).

holysushi the Chiller (Octopode Ice Elementalist)   Turns: 2199, Time: 00:05:29

Health: 0/34       AC:  1    Str:  7    XL:     5   Next: 14%
Magic:  4/10       EV: 14    Int: 17    God:
Gold:   58         SH:  0    Dex: 15    Spells: 3/10 levels left

rFire   . . .        a - +1 dagger (venom)
rCold   . . .        (no shield)
rNeg    . . .        (helmet restricted)
rPois   .            (no amulet)
rElec   .            p - ring of resist corrosion
rCorr   +            (no ring)
SInv    .            (no ring)
Will    .....        (no ring)
Stlth   +++          (no ring)
HPRegen 0.25/turn    (no ring)
MPRegen 0.12/turn    (no ring)
                     (no ring)

%: no passive effects
@: freezing walls
A: almost no armour, amphibious, 8 rings, camouflage 1, gelatinous body 1,
(nimble swimmer 1), tentacles
a: no special abilities


You were on level 4 of the Dungeon.
You visited 1 branch of the dungeon, and saw 4 of its levels.
You also visited: Sewer.

You collected 87 gold pieces.
You spent 29 gold pieces at shops.

Inventory:

Hand Weapons
 a - a +1 dagger of venom (weapon)
Missiles
 m - a throwing net
Armour
 g - a +0 tower shield
Jewellery
 p - a ring of resist corrosion (left tentacle)
Wands
 q - a wand of digging (5)
Scrolls
 f - a scroll of fog {unknown}
 l - 3 scrolls of immolation {unknown}
 n - a scroll of enchant armour {unknown}
 o - a scroll of butterflies {unknown}
 r - a scroll of identify
Potions
 b - 3 potions of invisibility {unknown}
 c - a potion of enlightenment
 d - 6 potions of heal wounds {unknown}
 e - a potion of curing {unknown}
 h - 3 potions of attraction {unknown}
 i - a potion of haste {unknown}
 j - a potion of might {unknown}
 k - a potion of resistance {unknown}


   Skills:
 + Level 1.8 Fighting
 + Level 3.1 Dodging
 - Level 3.1 Stealth
 - Level 3.4 Spellcasting
 - Level 4.1 Ice Magic


You had 3 spell levels left.
You knew the following spells:

 Your Spells              Type           Power      Damage    Failure   Level
a - Freeze                Ice            68%        1d8       3%          1
b - Ozocubu's Armour      Ice            17%        N/A       9%          3
c - Frozen Ramparts       Ice            34%        1d6       9%          3

Your spell library contained the following spells:

 Spells                   Type           Power      Damage    Failure   Level
 Summon Ice Beast         Ice/Summ       9%         N/A       56%         4
 Anguish                  Hex/Necr       1%         N/A       86%         4
 Summon Lightning Spire   Summ/Air       2%         N/A       86%         4
 Summon Cactus Giant      Summ           1%         N/A       100%        6


Dungeon Overview and Level Annotations

Branches:
Dungeon (4/15) Zot: 22182   Sewer (visited)
 Temple: D:4-7

Altars:

Shops:
D:2 *


Innate Abilities, Weirdness & Mutations

You cannot wear most types of armour.
You are amphibious.
You can wear up to eight rings at the same time.
Your skin changes colour to match your surroundings (Stealth+).
Your rubbery body absorbs attacks. (AC +1, EV +1)
((You are camouflaged when in or above water. (Stealth+)))
You have tentacles for arms and can constrict up to eight enemies at once.


Message History

The black bear barely misses you.
Casting: Freeze (safe; 3% risk of failure)
Confirm with . or Enter, or press ? or * to list all spells.
Casting: Frozen Ramparts (dangerous; 9% risk of failure)
Press: ? - help, Dir - look around, f - activate The walls around you are covered in ice.
The wall freezes the black bear but does no damage.
The black bear misses you. The black bear claws you. x2
Casting: Frozen Ramparts (dangerous; 9% risk of failure)
Confirm with . or Enter, or press ? or * to list all spells.
Aiming: Freeze (safe; 3% risk of failure)
Press: ? - help, Shift-Dir - straight line, f - black bear
Aim: a black bear You freeze the black bear.
The black bear is lightly wounded.
The wall freezes the black bear.
The black bear bites you. The black bear claws you. x2
* * * LOW HITPOINT WARNING * * *
Casting: Freeze (safe; 3% risk of failure)
Confirm with . or Enter, or press ? or * to list all spells.
Aiming: Freeze (safe; 3% risk of failure)
Press: ? - help, Shift-Dir - straight line, f/p - black bear
Aim: a black bear (moderately wounded)
You freeze the black bear.
The black bear is heavily wounded.
The wall freezes the black bear but does no damage.
The black bear barely misses you. The black bear claws you.
* * * LOW HITPOINT WARNING * * *
The black bear barely misses you.
Casting: Freeze (safe; 3% risk of failure)
Confirm with . or Enter, or press ? or * to list all spells.
Aiming: Freeze (safe; 3% risk of failure)
Press: ? - help, Shift-Dir - straight line, f/p - black bear
Aim: a black bear (heavily wounded)
You freeze the black bear.
The black bear is heavily wounded.
The wall freezes the black bear.
The black bear bites you.
* * * LOW HITPOINT WARNING * * *
The black bear misses you. The black bear claws you.
You die...

.).).###..#.......#.)###..#.
###...#...............#......
####.....#.....#.........#...
#.....##...##.........# ..
#....)#.....#.........# #
##...............#.....
##..#......$#..###..###
....###.....###.....##
#..###...###@# ####### ##..
##..##h.# ..... ##[....#
.#.... #####.. ... ### # # .#


You could see a black bear.

Vanquished Creatures
  Natasha (D:4)
  3 gnolls (D:3)
  An adder (D:2)
  A river rat (D:3)
  A dart slug (D:3)
  5 orcs
  4 ball pythons (Sewer)
  4 endoplasms
  A giant cockroach (D:3)
  A goblin (D:3)
  17 kobolds
  3 quokkas
  5 bats
  3 frilled lizards
  A rat (D:2)
51 creatures vanquished.

Notes
Turn   | Place    | Note
-------+----------+-------------------------------------------
     0 | D:1      | holysushi the Octopode Ice Elementalist began the quest for
                  | the Orb.
     0 | D:1      | Reached XP level 1. HP: 11/11 MP: 3/3
    33 | D:1      | You fall into a shaft and drop 1 floor!
    90 | D:2      | Found Rawed's Assorted Antiques.
   162 | D:2      | Found a faded altar of an unknown god.
   326 | D:2      | Reached XP level 2. HP: 6/17 MP: 3/5
   797 | D:2      | Bought a scroll labelled WOOVOP YGUQE for 29 gold pieces
   812 | D:3      | Reached XP level 3. HP: 20/21 MP: 2/7
   974 | D:3      | Reached XP level 4. HP: 11/27 MP: 9/9
  1041 | D:3      | Found a glowing drain.
  1045 | Sewer    | Entered a sewer
  1060 | Sewer    | Learned a level 3 spell: Frozen Ramparts
  1064 | Sewer    | Learned a level 3 spell: Ozocubu's Armour
  1267 | Sewer    | Reached skill level 1 in Fighting
  1439 | D:3      | Got the Quarto of Combined Hexing
  2017 | D:4      | Noticed a black bear
  2115 | D:4      | Noticed Natasha
  2121 | D:4      | Killed Natasha
  2122 | D:4      | Reached XP level 5. HP: 24/34 MP: 4/10
  2199 | D:4      | HP: 1/34 [black bear (5)]
  2199 | D:4      | Slain by a black bear

Illustrated notes

Levels and vault maps discovered:
D:1:      noname_arrival_rooms_in_the_neighbourhood, layout_basic
D:2:      layout_basic, hellmonk_ecumenical_altar_crossroads, serial_shops,
          nicolae_shop_stone
D:3:      layout_loops_ring, gup_sewer_entry_bowl
D:4:      nicolae_cairo_tiling_large_dashed, layout_rooms,
          amcnicky_mini_pool_small, hangedman_decor_peaks_small, uniq_natasha

Skill      XL: |  1  2  3  4 |
---------------+-------------+-----
Stealth        | 3 |  3.1
Spellcasting   | 3 |  3.4
Fighting       | 1 |  1.8
Dodging        | 3 |  3.1
Ice Magic      | |  4.1

Action                     |  1- 3 |  4- 6 || total
---------------------------+-------+-------++-------
  Melee: Unarmed           |     2 |       ||     2
         Constrict         |     7 |    14 ||    21
         Dagger            |    20 |    49 ||    69
         Tentacles         |     5 |     6 ||    11
   Cast: Freeze            |    14 |     7 ||    21
         Frozen Ramparts   |       |     5 ||     5
         Ozocubu's Armour  |       |     3 ||     3
    Use: Potion            |     1 |       ||     1
         Scroll            |     2 |       ||     2
   Stab: Sleeping          |     4 |     6 ||    10
 Armour: Skin              |     1 |    15 ||    16
  Dodge: Dodged            |    16 |    40 ||    56

Table legend: (Time is in decaauts)
 A = Elapsed time spent in this place.
 B = Non-inter-level travel time spent in this place.
 C = Inter-level travel time spent in this place.
 D = Time resting spent in this place.
 E = Time spent auto-exploring this place.
 F = Levels seen in this place.
 G = Mean time per level.
                   A        B        C        D        E       F      G
               +--------+--------+--------+--------+--------+-----+--------+
         Total |   2196 |   2132 |     64 |    289 |   1255 |   5 |  439.2 |
       Dungeon |   1816 |   1752 |     64 |    280 |   1077 |   4 |  454.0 |
         Sewer |    379 |    379 |      0 |      9 |    178 |   1 |  379.0 |
               +--------+--------+--------+--------+--------+-----+--------+

Top non-repeatable levels by time:
     D:2: 772 daAuts
     D:3: 750 daAuts
   Sewer: 379 daAuts
     D:4: 261 daAuts
     D:1: 33 daAuts
